 Dungeon Crawl Stone Soup version 0.19.0-16-g73b5abf (webtiles) character file.

104784 Leibowitz the Phalangite (level 16, -7/133 HPs)
             Began as a Merfolk Gladiator on Nov 10, 2016.
             Was the Champion of Okawaru.
             Mangled by an ettin
             ... wielding a +0 dire flail
              (19 damage)
             ... on level 15 of the Dungeon on Nov 11, 2016.
             The game lasted 02:09:04 (38695 turns).

Leibowitz the Phalangite (Merfolk Gladiator)       Turns: 38695, Time: 02:09:05

Health: -7/133     AC: 21    Str: 17    XL:     16   Next: 39%
Magic:  16/16      EV: 23    Int:  8    God:    Okawaru [******]
Gold:   2712       SH:  0    Dex: 19    Spells: 0 memorised, 15 levels left

rFire  . . .     SeeInvis .     a - +3 bardiche (protect)
rCold  + . .     Gourm    .     x - +3 scale mail {rC+}
rNeg   + . .     Faith    +     (shield currently unavailable)
rPois  +         Spirit   .     T - +1 hat {MR+}
rElec  .         Reflect  .     f - +1 cloak {rPois}
rCorr  .         Harm     .     p - +2 pair of gloves
MR     ++...                    N - +2 pair of boots
Stlth  +++.......               v - amulet of faith
                                J - ring of positive energy
                                z - +2 ring of evasion

@: no status effects
A: change form in water, swift swim, stealthy swim
a: Heroism, Finesse, Renounce Religion


You were on level 15 of the Dungeon.
You worshipped Okawaru.
Okawaru was exalted by your worship.
You were hungry.

You visited 7 branches of the dungeon, and saw 27 of its levels.
You also visited: Labyrinth.

You collected 2712 gold pieces.

Inventory:

Hand Weapons
 a - a +3 bardiche of protection (weapon)
 A - a +2 demon trident
 X - the +9 mace of Zeish {elec, Str+6}
   (You found it in a labyrinth)

   Occasionally, upon striking a foe, it will discharge some electrical energy
   and cause terrible harm.
   It affects your strength (+6).
Missiles
 I - 3 javelins of penetration (quivered)
 Y - 2 throwing nets
Armour
 f - a +1 cloak of poison resistance (worn)
 p - a +2 pair of gloves (worn)
 x - a +3 scale mail of cold resistance (worn)
 G - a +1 cloak of invisibility
 N - a +2 pair of boots (worn)
 T - a +1 hat of magic resistance (worn)
Jewellery
 i - an uncursed amulet of magic regeneration {unknown}
 u - an uncursed ring of see invisible
 v - an amulet of faith (around neck)
 z - a +2 ring of evasion (left hand)
 J - a ring of positive energy (right hand)
 M - an uncursed ring of protection from cold
 Z - an uncursed ring of protection from cold
Wands
 b - a wand of acid (6/15)
 k - a wand of acid (10/15)
 q - a wand of lightning (6/15)
 t - a wand of iceblast (4/15)
 y - a wand of digging (18/24)
 L - a wand of iceblast (1/15)
Scrolls
 e - 7 scrolls of remove curse
 g - 3 scrolls of fog
 h - 6 scrolls of recharging
 j - 4 scrolls of enchant weapon
 m - 3 scrolls of amnesia
 n - 20 scrolls of identify
 o - 2 scrolls of teleportation
 r - a scroll of magic mapping
 E - a scroll of holy word
 H - 6 scrolls of enchant armour
 U - a scroll of immolation
 W - a scroll of silence
Potions
 B - 2 potions of curing
 C - 3 potions of magic
 D - 2 potions of brilliance
 F - 2 potions of ambrosia
 O - 2 potions of agility
 P - 4 potions of lignification
 Q - 2 potions of cure mutation
Comestibles
 c - 2 meat rations
 d - a bread ration
 K - 24 fruits


   Skills:
 + Level 14.2 Fighting
 + Level 23.1 Polearms
 + Level 4.7 Throwing
 + Level 8.1 Armour
 * Level 16.3 Dodging
 + Level 8.4 Stealth
 + Level 1.1 Evocations


You had 15 spell levels left.
You didn't know any spells.

Dungeon Overview and Level Annotations

Branches:
Dungeon (15/15)            Temple (1/1) D:6            Lair (6/6) D:11
 Shoals (1/4) Lair:4        Snake (1/4) Lair:2        Slime (0/5) Lair:6
    Orc (2/2) D:12            Elf (1/3) Orc:2        Vaults (0/5) D:13
 Depths (0/5) D:15

Altars:
Gozag
Hepliaklqana
Kikubaaqudgha
Makhleb
Nemelex Xobeh
Okawaru
Qazlal
Ru
Sif Muna
Trog
Uskayaw
Xom
The Shining One
Beogh
Jiyva

Shops:
D:8 (   D:9 (   Orc:2 *[(*

Annotations:
D:5 exclusion: Prince Ribbit
D:12 Kirke
Shoals:1 exclusion: obsidian statue


Message History

An ettin comes into view.
It is wielding a dire flail and a dire flail of crushing.
A tengu warrior comes into view. It is wielding a great mace.
The ettin hits you with a dire flail!
* * * LOW HITPOINT WARNING * * *
The ettin completely misses you.
The tengu warrior shouts!
Found a staircase to the Depths.
A hill giant comes into view. It is wielding a giant club.
The ettin completely misses you.
The ettin hits you with a dire flail of crushing.
* * * LOW HITPOINT WARNING * * *
x2 The tengu warrior hits you with a great mace!
* * * LOW HITPOINT WARNING * * *
The tengu warrior pecks you but does no damage.
The tengu warrior claws you but does no damage.
Found a potion of curing.
There is a staircase to the Depths here.
The ettin misses you.
The ettin hits you with a dire flail of crushing!!
You die...

*,*
*,,.#...z.#,**,**,,,##.##.
*,*
***#.####.#,**,**,,,..,,..
**,*
*,,.#..⌠#.#,,,,**,,,#**.#.
,*,*
***,....#.#####**,,,**#..T
,*,* *,*,..#.....#
*,,,**.,.. ,*,**
*,,*,#.#.#..# *,,,**,,,,
,,,,* *,,,..#...#.#
*,,,**,,,, ,,,,*
***##.#CQ...#**,,,**,,,,
,,,,********
#,#@C.#...#,,,**,,,,
,,,,,,,,,,,*
*,####.####,,,**,,,,
,,,,,,,,,,,*
*,,,,,#..,,,,,***,,,
,,,,,,,,,,,*
****,,,....**** *,,,
,,,,,,,,,,,* *,,*,.!.*
*,,, **,,,,,,,,,*
*,,,,...* *,,,
**,,,,,,,,,* *********
*,,, **,,,,,,,,,* *,,,
**,,,,,,,,,* *,,,


You could see an ettin, a hill giant and a tengu warrior.

Vanquished Creatures
  Gastronok (Lair:2)
  A tengu reaver (D:11)
  A frost giant (D:11)
  A stone giant (Orc:2)
  The ghost of letownia the Brawler, a journeyman TrWz of Okawaru (D:13)
  2 entropy weavers (Lair:6)
  A minotaur (Lab)
  An ettin (Orc:1)
  2 yaktaur captains (D:11)
  10 hydras
  Harold (D:12)
  3 catoblepae (Lair:6)
  An anaconda (shapeshifter) (D:11)
  4 centaur warriors
  A dancing weapon (Elf:1)
  11 death yaks (Lair:6)
  A tengu warrior (D:14)
  4 ogre magi (Orc:2)
  A queen ant (Lair:6)
  A shock serpent (Snake:1)
  Urug (D:12)
  A death drake (shapeshifter) (D:15)
  13 hill giants
  4 orc knights
  An orc sorcerer (D:12)
  A shining eye (shapeshifter) (D:11)
  3 deep elf magi
  6 ugly things
  4 manticores
  4 centaur zombies
  6 black mambas
  A naga mage (Snake:1)
  3 cyclopes
  Maurice (D:9)
  9 spiny frogs
  3 rime drakes
  4 yaktaurs (D:13)
  8 komodo dragons
  2 tengu conjurers
  8 trolls
  A queen bee (Lair:3)
  Prince Ribbit (D:5)
  14 blink frogs
  12 two-headed ogres
  8 hippogriffs
  The ghost of Tyryt0 the Cutter, an amateur OpFi (D:3)
  6 slime creatures
  Sigmund (D:6)
  Eustachio (D:6)
  2 shadows
  58 yaks
  2 wyverns (D:13)
  3 hogs
  3 wraiths
  5 basilisks
  Grum (Lair:1)
  6 hungry ghosts
  2 mottled dragons
  A warg (Orc:1)
  26 soldier ants
  4 nagas (Lair:2)
  Duvessa (D:4)
  12 water moccasins
  8 porcupines
  A black bear (D:9)
  9 ice beasts
  19 orc warriors
  2 sky beasts
  A phantom (D:14)
  2 necrophages
  36 ogres
  A boggart (D:13)
  6 wolves
  11 centaurs
  17 crocodiles
  8 big kobolds
  Blork the orc (D:6)
  A gnoll sergeant (D:9)
  13 bullfrogs
  Dowan (D:4)
  A wyvern zombie (D:11)
  13 scorpions
  A water moccasin skeleton (D:11)
  19 killer bees
  3 wights (D:8)
  2 electric eels (Lair:5)
  5 howler monkeys
  5 crimson imps
  A bullfrog zombie (D:11)
  An iron imp (D:11)
  6 hounds
  5 jellies
  2 bullfrog skeletons
  A centaur skeleton (D:4)
  12 orc priests
  4 iguanas
  28 orc wizards
  30 worker ants
  A killer bee zombie (D:9)
  A hound zombie (D:5)
  3 hound skeletons
  A worker ant zombie (D:8)
  14 adders
  7 gnolls
  5 shadow imps
  A white imp (D:4)
  An ooze (D:1)
  3 adder skeletons
  4 worms
  2 dart slugs
  4 leopard geckos
  111 orcs
  A ball python (D:1)
  5 giant cockroaches
  7 goblins
  5 hobgoblins
  8 jackals
  19 kobolds
  11 quokkas
  5 bats
  5 frilled lizards
  A goblin skeleton (D:4)
  2 goblin zombies (D:4)
  A hobgoblin zombie (D:4)
  A jackal zombie (D:9)
  2 kobold skeletons (D:4)
  A kobold zombie (D:4)
  An orc skeleton (D:4)
  An orc zombie (D:4)
  A quokka skeleton (D:4)
  9 rats
823 creatures vanquished.

Vanquished Creatures (others)
  A yaktaur (D:13)
  A swamp drake (D:11)
  An orc priest (Orc:1)
  An orc wizard (D:11)
  A white imp (D:11)
  3 orcs (D:11)
  32 fungi
  18 plants (Lair:6)
58 creatures vanquished.

Grand Total: 881 creatures vanquished

Notes
Turn   | Place    | Note
-------+----------+-------------------------------------------
     0 | D:1      | Leibowitz the Merfolk Gladiator began the quest for the Orb.
     0 | D:1      | Reached XP level 1. HP: 16/16 MP: 1/1
    44 | D:1      | Reached XP level 2. HP: 9/22 MP: 2/2
   986 | D:2      | Reached XP level 3. HP: 18/28 MP: 3/3
   990 | D:2      | Reached skill level 5 in Polearms
  1005 | D:2      | Found a faded altar of an unknown god.
  1577 | D:2      | Found a sacrificial altar of Ru.
  2287 | D:2      | Reached XP level 4. HP: 34/34 MP: 4/4
  2826 | D:3      | Noticed Tyryt0's ghost (amateur OpFi)
  2901 | D:3      | Killed Tyryt0's ghost
  2901 | D:3      | Reached skill level 7 in Polearms
  2901 | D:3      | Reached skill level 1 in Armour
  2901 | D:3      | Reached skill level 5 in Dodging
  2901 | D:3      | Reached skill level 1 in Stealth
  2901 | D:3      | Reached XP level 5. HP: 14/40 MP: 5/5
  2901 | D:3      | Reached XP level 6. HP: 16/46 MP: 6/6
  4326 | D:4      | Reached XP level 7. HP: 49/52 MP: 7/7
  4347 | D:4      | Found a glowing golden altar of the Shining One.
  4358 | D:4      | Reached skill level 8 in Polearms
  4429 | D:4      | Noticed Dowan
  4431 | D:4      | Noticed Duvessa
  4458 | D:4      | Killed Duvessa
  4481 | D:4      | Killed Dowan
  4646 | D:4      | Reached skill level 9 in Polearms
  4973 | D:5      | Entered Level 5 of the Dungeon
  5057 | D:5      | Found a shimmering altar of Xom.
  5060 | D:5      | Found a shimmering altar of Xom.
  5060 | D:5      | Found a shimmering altar of Xom.
  5060 | D:5      | Found a shimmering altar of Xom.
  5061 | D:5      | Found a shimmering altar of Xom.
  5061 | D:5      | Found a shimmering altar of Xom.
  5159 | D:5      | Noticed Prince Ribbit
  5527 | D:5      | Reached XP level 8. HP: 26/60 MP: 8/8
  5965 | D:5      | Killed Prince Ribbit
  5965 | D:5      | Reached skill level 10 in Polearms
  6379 | D:6      | Found a staircase to the Ecumenical Temple.
  6385 | Temple   | Entered the Ecumenical Temple
  6396 | Temple   | Became a worshipper of Warmaster Okawaru
  7231 | D:6      | Noticed Blork the orc
  7266 | D:6      | Reached skill level 5 in Fighting
  7296 | D:6      | Killed Blork the orc
  7296 | D:6      | Reached * piety under Okawaru
  7615 | D:6      | Noticed Eustachio
  7883 | D:6      | Killed Eustachio
  7883 | D:6      | Reached skill level 11 in Polearms
  7883 | D:6      | Reached XP level 9. HP: 33/68 MP: 9/9
  8740 | D:6      | Noticed Sigmund
  8870 | D:7      | Found a sparkling altar of Nemelex Xobeh.
  8984 | D:6      | Killed Sigmund
  9276 | D:7      | Found a glowing golden altar of the Shining One.
  9284 | D:7      | Got a faintly glowing robe
  9295 | D:7      | Identified the +0 robe of the Slightly Bent {rF+} (You found it on level 7 of the Dungeon)
  9494 | D:7      | Reached skill level 12 in Polearms
  9528 | D:7      | Reached ** piety under Okawaru
  9710 | D:7      | Found a shimmering altar of Xom.
  9710 | D:7      | Found a bloodstained altar of Trog.
  9793 | D:8      | Found Donu's Weapon Boutique.
 10351 | D:8      | Reached XP level 10. HP: 58/76 MP: 10/10
 10471 | D:8      | Reached *** piety under Okawaru
 10576 | D:8      | Reached skill level 13 in Polearms
 10736 | D:9      | Noticed a hill giant
 10977 | D:9      | Noticed a cyclops
 11302 | D:9      | Noticed Maurice
 11362 | D:10     | Entered Level 10 of the Dungeon
 11602 | D:10     | Noticed a hill giant
 12146 | D:9      | Reached **** piety under Okawaru
 12212 | D:9      | Noticed a dagger
 12213 | D:9      | Found a hide-covered altar of Uskayaw.
 12213 | D:9      | Noticed a dagger
 12274 | D:9      | Reached skill level 14 in Polearms
 12557 | D:9      | Reached skill level 5 in Stealth
 12778 | D:9      | Killed a cyclops
 12778 | D:9      | Reached skill level 10 in Dodging
 12950 | D:9      | Found Iclovver's Antique Weapon Shop.
 13254 | D:9      | Reached ***** piety under Okawaru
 13386 | D:9      | Received a gift from Okawaru
 13488 | D:9      | Reached XP level 11. HP: 85/85 MP: 11/11
 13647 | D:9      | Killed Maurice
 13647 | D:9      | Reached skill level 15 in Polearms
 14372 | D:10     | Noticed a hill giant
 14380 | D:10     | Killed a hill giant
 14380 | D:10     | Received a gift from Okawaru
 14402 | D:10     | Noticed a hill giant
 14415 | D:10     | Killed a hill giant
 14415 | D:10     | Received a gift from Okawaru
 14696 | D:10     | Noticed a white ugly thing
 14715 | D:10     | Killed a white ugly thing
 14966 | D:10     | Killed a hill giant
 15044 | D:10     | Noticed a hill giant
 15061 | D:10     | Killed a hill giant
 15410 | D:11     | Found a labyrinth entrance.
 15414 | Lab      | Entered a labyrinth
 16352 | Lab      | Noticed a minotaur
 16368 | Lab      | Killed a minotaur
 16368 | Lab      | Received a gift from Okawaru
 16372 | Lab      | Got an ancient falchion {god gift}
 16378 | Lab      | Got a jewelled mace
 16508 | D:11     | Identified the +4 falchion "Eheovo" {slice, rPois} (Okawaru gifted it to you in a labyrinth)
 16509 | D:11     | Identified the +9 mace of Zeish {elec, Str+6} (You found it in a labyrinth)
 16829 | D:11     | Noticed a hill giant
 16838 | D:11     | Killed a hill giant
 16901 | D:11     | Noticed a yaktaur captain
 16901 | D:11     | Noticed a cyclops
 16915 | D:11     | Noticed a tengu reaver
 17174 | D:11     | Killed a cyclops
 17265 | D:11     | Noticed a hill giant
 17297 | D:11     | Reached XP level 12. HP: 93/97 MP: 4/12
 17309 | D:11     | Reached skill level 16 in Polearms
 17318 | D:11     | Reached skill level 10 in Fighting
 17515 | D:11     | Killed a tengu reaver
 17515 | D:11     | Reached skill level 5 in Armour
 17923 | D:11     | Killed a yaktaur captain
 17923 | D:11     | Reached ****** piety under Okawaru
 18289 | D:11     | Received a gift from Okawaru
 18759 | D:11     | Noticed a centaur warrior
 18769 | D:11     | Killed a centaur warrior
 18782 | D:11     | Noticed a frost giant
 18802 | D:11     | Killed a frost giant
 18802 | D:11     | Received a gift from Okawaru
 19287 | D:11     | Received a gift from Okawaru
 19326 | D:11     | Noticed a yaktaur captain
 19340 | D:11     | Killed a yaktaur captain
 19340 | D:11     | Received a gift from Okawaru
 19635 | D:11     | Noticed a seven-headed hydra
 19649 | D:11     | Killed a seven-headed hydra
 19861 | D:11     | Reached XP level 13. HP: 90/106 MP: 6/13
 20059 | D:11     | Found a staircase to the Lair.
 20094 | D:11     | Reached skill level 17 in Polearms
 20506 | Lair:1   | Entered Level 1 of the Lair of Beasts
 20517 | Lair:1   | Received a gift from Okawaru
 20866 | Lair:1   | Noticed Grum
 20886 | Lair:1   | Killed Grum
 21749 | Lair:2   | Gained mutation: Your movements are slightly less encumbered by armour. (ER -2) [potion of beneficial mutation]
 22147 | Lair:2   | Found a staircase to the Snake Pit.
 22322 | Lair:2   | Noticed Gastronok
 22347 | Lair:2   | Killed Gastronok
 22347 | Lair:2   | Reached skill level 18 in Polearms
 22570 | Lair:2   | Received a gift from Okawaru
 24970 | Lair:4   | Received a gift from Okawaru
 25237 | Lair:4   | Found a staircase to the Shoals.
 25382 | Shoals:1 | Entered Level 1 of the Shoals
 25382 | Shoals:1 | Noticed a merfolk impaler
 25384 | Shoals:1 | Noticed a merfolk impaler
 25420 | Lair:4   | Reached XP level 14. HP: 92/115 MP: 4/14
 25998 | Lair:4   | Reached skill level 19 in Polearms
 26930 | Lair:5   | Received a gift from Okawaru
 27633 | Lair:6   | Entered Level 6 of the Lair of Beasts
 28237 | Lair:6   | Noticed an entropy weaver
 28252 | Lair:6   | Killed an entropy weaver
 28438 | Lair:6   | Reached skill level 20 in Polearms
 28766 | Lair:6   | Found a viscous altar of Jiyva.
 28766 | Lair:6   | Found a staircase to the Slime Pits.
 28862 | Lair:6   | Received a gift from Okawaru
 29256 | Lair:6   | Received a gift from Okawaru
 29421 | Lair:6   | Noticed an entropy weaver
 29433 | Lair:6   | Killed an entropy weaver
 30111 | Lair:6   | Reached XP level 15. HP: 90/123 MP: 15/15
 30557 | Lair:6   | Reached skill level 21 in Polearms
 30557 | Lair:6   | Reached skill level 15 in Dodging
 30918 | Lair:6   | Received a gift from Okawaru
 30962 | Lair:6   | Got a translucent garnet amulet
 30966 | Lair:6   | Identified the amulet "Haugacw" {Harm *Drain Int+3 Dex+4 Stlth+} (You found it on level 6 of the Lair of Beasts)
 31222 | D:12     | Noticed Harold
 31246 | D:12     | Killed Harold
 31576 | D:12     | Noticed Kirke
 31620 | D:12     | HP: 5/124 [harpy[Kirke] (17)]
 32505 | D:12     | Found a staircase to the Orcish Mines.
 32512 | D:12     | Gained mutation: You are weak. (Str -2) [potion of mutation]
 32512 | D:12     | Gained mutation: You can translocate small distances at will. [potion of mutation]
 32512 | D:12     | Gained mutation: You are clumsy. (Dex -2) [potion of mutation]
 32513 | D:12     | Lost mutation: You are weak. (Str -2) [potion of cure mutation]
 32513 | D:12     | Lost mutation: You can translocate small distances at will. [potion of cure mutation]
 32513 | D:12     | Lost mutation: You are clumsy. (Dex -2) [potion of cure mutation]
 32513 | D:12     | Lost mutation: Your movements are slightly less encumbered by armour. (ER -2) [potion of cure mutation]
 32747 | D:12     | Noticed Urug
 32759 | D:12     | Killed Urug
 33051 | Orc:1    | Entered Level 1 of the Orcish Mines
 33802 | Orc:1    | Found a roughly hewn altar of Beogh.
 34235 | Orc:2    | Entered Level 2 of the Orcish Mines
 34530 | Orc:2    | Found Kirut's Armour Shop.
 34533 | Orc:2    | Found Leweupon's General Store.
 34533 | Orc:2    | Found Dexkov's Antique Weapon Shop.
 34533 | Orc:2    | Found Nuafeph's General Store.
 34581 | Orc:2    | Received a gift from Okawaru
 34605 | Orc:2    | Reached skill level 22 in Polearms
 35201 | Orc:2    | Found a staircase to the Elven Halls.
 35318 | Orc:2    | Found a roughly hewn altar of Beogh.
 35604 | Elf:1    | Entered Level 1 of the Elven Halls
 35770 | D:13     | Noticed letownia's ghost (journeyman TrWz)
 35899 | D:13     | Killed letownia's ghost
 36206 | D:13     | Reached XP level 16. HP: 129/133 MP: 16/16
 36654 | D:13     | Received a gift from Okawaru
 36875 | D:13     | Reached skill level 1 in Evocations
 37101 | D:13     | Found a gate to the Vaults.
 37477 | D:14     | Found a deep blue altar of Sif Muna.
 37936 | D:14     | Reached skill level 23 in Polearms
 38369 | Snake:1  | Entered Level 1 of the Snake Pit
 38632 | D:15     | Entered Level 15 of the Dungeon
 38690 | D:15     | Found a staircase to the Depths.
 38695 | D:15     | Mangled by an ettin

Skill      XL: |  1  2  3  4  5  6  7  8  9 10 11 12 13 14 15 16 |
---------------+-------------------------------------------------+-----
Polearms       | 5 7 9 11 12 14 15 16 18 20 22 23 | 23.1
Armour         | 1 2 3 4 6 7 8 |  8.1
Dodging        | 5 6 7 9 10 11 12 13 14 15 16 | 16.3
Stealth        | 1 2 4 5 7 8 |  8.4
Fighting       | 3 4 5 6 7 9 11 12 13 14 | 14.2
Throwing       | 3 4 |  4.7
Evocations     | 1 |  1.1

Action                   |  1- 3 |  4- 6 |  7- 9 | 10-12 | 13-15 | 16-18 || total
-------------------------+-------+-------+-------+-------+-------+-------++-------
Melee: Trident           |   152 |   175 |   583 |   954 |   198 |       ||  2062
       Tailslap          |       |       |       |     2 |     4 |       ||     6
       Bardiche          |       |       |       |    24 |  1333 |   284 ||  1641
       Demon trident     |       |       |       |       |   200 |       ||   200
       Unarmed           |       |       |       |       |     1 |       ||     1
Throw: Throwing net      |       |       |     5 |     1 |       |       ||     6
       Javelin           |       |       |       |    13 |     1 |     2 ||    16
       Tomahawk          |       |       |       |    30 |     3 |       ||    33
 Abil: Evoke Invisibilit |       |       |       |       |       |     1 ||     1
Evoke: Wand              |       |       |     2 |       |       |       ||     2
  Use: Potion            |       |       |    12 |     2 |     5 |     4 ||    23
       Scroll            |       |       |    12 |     9 |     6 |     2 ||    29
 Stab: Sleeping          |       |     3 |     9 |     5 |    13 |     8 ||    38
       Held in net/web   |       |       |       |     4 |       |       ||     4
       Distracted        |       |       |       |     2 |     8 |       ||    10
       Confused          |       |       |       |       |     1 |       ||     1
       Invisible         |       |       |       |       |       |     3 ||     3
  Eat: Chunk             |     4 |     6 |    18 |    26 |    49 |     6 ||   109
       Beef jerky        |       |       |     2 |     2 |     3 |       ||     7
       Pizza             |       |       |       |     1 |       |       ||     1
       Royal jelly       |       |       |       |     1 |       |       ||     1
       Bread ration      |       |       |       |       |       |     1 ||     1
Armor: Leather armour    |    39 |    25 |   117 |    91 |       |       ||   272
       Skin              |       |       |    12 |       |       |       ||    12
       Scale mail        |       |       |       |    67 |   520 |    89 ||   676
Dodge: Dodged            |   118 |   119 |   452 |   586 |  1629 |   267 ||  3171
